 Dungeon Crawl Stone Soup version 0.21.1-1-g345015f (webtiles) character file.

42 teukkam the Ruffian (level 3, 0/36 HPs)
             Began as a Troll Monk on June 27, 2018.
             Slain by a quasit (1 damage)
             ... summoned by Eustachio
             ... on level 4 of the Dungeon.
             The game lasted 00:02:30 (591 turns).

teukkam the Ruffian (Troll Monk)                     Turns: 591, Time: 00:02:30

Health: 0/36       AC:  5    Str: 20      XL:     3   Next: 33%
Magic:  2/2        EV: 10    Int: 11      God:
Gold:   52         SH:  0    Dex: 10 (12) Spells: 2/2 levels left

rFire    . . .     SeeInvis .     - Unarmed
rCold    . . .     Gourm    +   (no shield)
rNeg     . . .     Faith    .   a - +0 robe
rPois    .         Spirit   .   (helmet restricted)
rElec    .         Reflect  .   (no cloak)
rCorr    .         Harm     .   (gloves unavailable)
MR       .....                  (boots unavailable)
Stlth    ++........             (no amulet)
HPRegen  0.52/turn              (no ring)
MPRegen  0.08/turn              (no ring)

@: brilliant
A: large, unfitting armour, claws 3, fast metabolism 3, gourmand, regeneration
1, shaggy fur 1, tough skin 2
a: no special abilities


You were on level 4 of the Dungeon.
You were not hungry.

You visited 1 branch of the dungeon, and saw 4 of its levels.

You collected 52 gold pieces.

Inventory:

Hand Weapons
 c - a +0 hunting sling
Missiles
 d - 85 stones (quivered)
Armour
 a - a +0 robe (worn)
Scrolls
 e - a scroll of identify {unknown}
 f - a scroll of remove curse {unknown}
 g - a scroll of teleportation {unknown}
 h - a scroll of random uselessness {unknown}
 k - a scroll of immolation {unknown}
 l - a scroll of magic mapping {unknown}
 m - a scroll of enchant weapon {unknown}
Books
 j - a book of Minor Magic

   Spells                             Type                      Level
   a - Magic Dart                     Conjuration                  1
   b - Blink                          Translocation                2
   c - Call Imp                       Summoning                    2
   d - Slow                           Hexes                        2
   e - Conjure Flame                  Conjuration/Fire             3
   f - Mephitic Cloud                 Conjuration/Poison/Air       3
Comestibles
 b - 4 rations


   Skills:
 + Level 2.8 Fighting
 + Level 2.7 Dodging
 + Level 1.3 Stealth
 + Level 3.4 Unarmed Combat


You had 2 spell levels left.
You didn't know any spells.

Dungeon Overview and Level Annotations

Branches:
Dungeon (4/15)
 Temple: D:4-7

Altars:
Makhleb

Annotations:
D:4 Eustachio


Innate Abilities, Weirdness & Mutations

You are too large for most types of armour.
You have claws for hands.
Your metabolism is lightning-fast.
You like to eat raw meat.
Your natural rate of healing is unusually fast.
You are covered in fur. (AC +1)
You have very tough skin. (AC +2)


Message History

The quasit claws you.
* * * LOW HITPOINT WARNING * * *
You feel clumsy.
The crimson imp blinks!
The giant cockroach waves its antennae.
The giant cockroach closely misses you. The quokka closely misses you.
The ufetubus barely misses you.
The ufetubus hits you but does no damage.
The quasit barely misses you. x2
The quasit claws you but does no damage.
You miss Eustachio.
Eustachio is almost dead.
Eustachio hits you with a rapier!
* * * LOW HITPOINT WARNING * * *
The ufetubus barely misses you.
The ufetubus hits you but does no damage.
The quokka bites you but does no damage.
The quasit barely misses you. The quasit closely misses you.
The quasit claws you.
You die...

..................
#.....
.####.............
..Z...
####.#.......
.....
#............ ...
##........... ...
####.......... .
..#.............
......s5........
..§..rr@§.......
...##.@5r......#
###...b>.....##
#............
#.............
...........##..
...........## ..
..........##


You could see Eustachio, a quasit, an ufetubus, 2 quokkas, a giant cockroach, a
bat and a rat.

Vanquished Creatures
  An adder (D:2)
  An ooze (D:4)
  An adder skeleton (D:4)
  A worm (D:2)
  2 leopard geckos
  2 giant cockroaches
  4 goblins
  A hobgoblin (D:2)
  A quokka (D:4)
  A frilled lizard (D:4)
  A jackal skeleton (D:4)
  2 kobolds
  4 rats
22 creatures vanquished.

Notes
Turn   | Place    | Note
-------+----------+-------------------------------------------
     0 | D:1      | teukkam the Troll Monk began the quest for the Orb.
     0 | D:1      | Reached XP level 1. HP: 22/22 MP: 0/0
   124 | D:2      | Reached XP level 2. HP: 28/29 MP: 1/1
   189 | D:2      | Found a burning altar of Makhleb.
   322 | D:2      | You fall through a shaft!
   394 | D:4      | Reached XP level 3. HP: 36/36 MP: 2/2
   577 | D:4      | Noticed Eustachio
   591 | D:4      | HP: 1/36 [Eustachio/rapier (8)]
   591 | D:4      | Slain by a quasit

Action                   || total
-------------------------++-------
Melee: Unarmed           ||    72
  Use: Potion            ||     1
 Stab: Sleeping          ||     1
  Eat: Chunk             ||     5
Armor: Robe              ||    34
Dodge: Dodged            ||    54
